SL
LONE STAR BC @ NORTHERN VIRGINIA RETRIEVERS
09/06/2017
 
TOP OF THE 1ST
Lone Star BC batting - Pitching for Northern Virginia Retrievers : RHP Henry Hall
Pitching: RHP Henry Hall
Batting: LHB Ray Merrill 0-0: Called Strike
0-1: Ball
1-1: Swinging Strike
1-2: Strikes out swinging
Batting: LHB Tom Smith 0-0: Foul Ball, location: 2F
0-1: Ball
1-1: Foul Ball, location: 2F
1-2: Ball
2-2: Strikes out looking
Batting: LHB Michael Neely 0-0: Ball
1-0: Called Strike
1-1: Fly out, F6 (Line Drive, 6)
Top of the 1st over - 0 run(s), 0 hit(s), 0 error(s), 0 left on base; Lone Star 0 - Northern Virginia 0
BOTTOM OF THE 1ST
Northern Virginia Retrievers batting - Pitching for Lone Star BC : RHP Jesús Reyes
Pitching: RHP Jesús Reyes
Batting: LHB Ye Der 0-0: Foul Ball, location: 2F
0-1: Foul Ball, location: 2F
0-2: Ball
1-2: Ball
2-2: Ball
3-2: Base on Balls
Batting: RHB Dan Yarbrough 0-0: Called Strike
0-1: Ball
1-1: Ball
2-1: Ball
3-1: Grounds into double play, 5-4-3 (Groundball, 5)
Batting: RHB Manuel Romo 0-0: Called Strike
0-1: Ball
1-1: Ground out 5-3 (Groundball, 5S)
Bottom of the 1st over - 0 run(s), 0 hit(s), 0 error(s), 0 left on base; Lone Star 0 - Northern Virginia 0
TOP OF THE 2ND
Lone Star BC batting - Pitching for Northern Virginia Retrievers : RHP Henry Hall
Batting: RHB Toshitsugu Sakamoto 0-0: Ball
1-0: Ball
2-0: Ball
3-0: Called Strike
3-1: Foul Ball, location: 2F
3-2: SINGLE (Line Drive, 89S)
Batting: SHB David Henderson 0-0: Called Strike
0-1: Ball
1-1: Foul Ball, location: 2F
1-2: Ball
Wild Pitch!
Toshitsugu Sakamoto to second
2-2: Strikes out swinging
Batting: SHB Joel Palmer 0-0: Ball
1-0: SINGLE (Groundball, 6MD)
Toshitsugu Sakamoto to third
Batting: RHB Thomas Dunlap 0-0: Ball
1-0: Called Strike
1-1: Called Strike
1-2: Ground out 5-3 (Groundball, 5S)
Toshitsugu Sakamoto scores
Joel Palmer to second
Batting: RHB Ricardo Nieto 0-0: Swinging Strike
0-1: Foul Ball, location: 2F
0-2: Ball
1-2: Ground out 5-3 (Groundball, 56)
Top of the 2nd over - 1 run(s), 2 hit(s), 0 error(s), 1 left on base; Lone Star 1 - Northern Virginia 0
BOTTOM OF THE 2ND
Northern Virginia Retrievers batting - Pitching for Lone Star BC : RHP Jesús Reyes
Batting: LHB Roger Shaffer 0-0: Swinging Strike
0-1: Ball
1-1: Ball
2-1: Called Strike
2-2: Strikes out swinging
Batting: RHB Don Brown 0-0: Ball
1-0: Ball
2-0: Called Strike
2-1: Ball
3-1: Swinging Strike
3-2: Strikes out swinging
Batting: LHB Jesús Pérez 0-0: Called Strike
0-1: Swinging Strike
0-2: Hit by Pitch
Batting: RHB Donald Stanley 0-0: Ball
1-0: Fielders Choice at 2nd, 5-4 (Groundball, 5)
Bottom of the 2nd over - 0 run(s), 0 hit(s), 0 error(s), 0 left on base; Lone Star 1 - Northern Virginia 0
TOP OF THE 3RD
Lone Star BC batting - Pitching for Northern Virginia Retrievers : RHP Henry Hall
Batting: SHB Jesús Reyes 0-0: Ball
1-0: Swinging Strike
1-1: Called Strike
1-2: Strikes out swinging
Batting: LHB Ray Merrill 0-0: Swinging Strike
0-1: DOUBLE (Flyball, 89D)
Batting: LHB Tom Smith 0-0: Ball
1-0: Ball
2-0: Ball
3-0: Called Strike
3-1: Base on Balls
Batting: LHB Michael Neely 0-0: SINGLE (Groundball, 4M)
Ray Merrill to third
Tom Smith to second
Runner from 3rd tries for Home, SAFE, no throw or cutoff
Batting: RHB Toshitsugu Sakamoto 0-0: Grounds into double play, 2-4-3 (Groundball, 2R)
Top of the 3rd over - 1 run(s), 2 hit(s), 0 error(s), 1 left on base; Lone Star 2 - Northern Virginia 0
BOTTOM OF THE 3RD
Northern Virginia Retrievers batting - Pitching for Lone Star BC : RHP Jesús Reyes
Batting: RHB Casey Washington 0-0: Called Strike
0-1: Ball
1-1: Foul Ball, location: 2F
1-2: SINGLE (Line Drive, 8RS)
Batting: RHB Henry Hall 0-0: Called Strike
0-1: Reached on error, E6 (Groundball, 6)
Casey Washington to second
Batting: LHB Ye Der 0-0: Swinging Strike
0-1: Ball
1-1: DOUBLE (Groundball, 3L)
Casey Washington scores
Henry Hall to third
Batting: RHB Dan Yarbrough 0-0: Ground out 4-3 (Groundball, 4M)
Henry Hall scores
Ye Der to third
Batting: RHB Manuel Romo 0-0: Ball
1-0: 2-RUN HOME RUN (Flyball, 78XD), Distance : 412 ft
Batting: LHB Roger Shaffer 0-0: Ground out 4-3 (Groundball, 4)
Batting: RHB Don Brown 0-0: Ball
1-0: Foul Ball, location: 2F
1-1: Foul Ball, location: 2F
1-2: Fly out, F8 (Flyball, 8LXD)
Bottom of the 3rd over - 4 run(s), 3 hit(s), 1 error(s), 0 left on base; Lone Star 2 - Northern Virginia 4
TOP OF THE 4TH
Lone Star BC batting - Pitching for Northern Virginia Retrievers : RHP Henry Hall
Batting: SHB David Henderson 0-0: Ball
1-0: Ball
2-0: Swinging Strike
2-1: Swinging Strike
2-2: Foul Ball, location: 2F
2-2: Ball
3-2: Foul Ball, location: 2F
3-2: Base on Balls
Batting: SHB Joel Palmer 0-0: Ball
1-0: Fly out, F6 (Line Drive, 6)
Batting: RHB Thomas Dunlap 0-0: Swinging Strike
0-1: Ball
1-1: Called Strike
1-2: Strikes out swinging
David Henderson is caught stealing 2nd base
Batter strikes out.
Top of the 4th over - 0 run(s), 0 hit(s), 0 error(s), 0 left on base; Lone Star 2 - Northern Virginia 4
BOTTOM OF THE 4TH
Northern Virginia Retrievers batting - Pitching for Lone Star BC : RHP Jesús Reyes
Batting: LHB Jesús Pérez 0-0: Ball
1-0: Called Strike
1-1: Foul Ball, location: 2F
1-2: Foul Ball, location: 2F
1-2: Ball
2-2: Ball
3-2: Base on Balls
Batting: RHB Donald Stanley 0-0: Ball
1-0: Fly out, F7 (Flyball, 78M)
Batting: RHB Casey Washington 0-0: Ground out 4-3 (Groundball, 4M)
Jesús Pérez to second
Batting: RHB Henry Hall 0-0: Swinging Strike
0-1: Fly out, F4 (Popup, 4)
Bottom of the 4th over - 0 run(s), 0 hit(s), 0 error(s), 1 left on base; Lone Star 2 - Northern Virginia 4
TOP OF THE 5TH
Lone Star BC batting - Pitching for Northern Virginia Retrievers : RHP Henry Hall
Batting: RHB Ricardo Nieto 0-0: Ball
1-0: Ball
2-0: Called Strike
2-1: Swinging Strike
2-2: Ball
3-2: Foul Ball, location: 2F
3-2: Strikes out swinging
Batting: SHB Jesús Reyes 0-0: Ground out 6-3 (Groundball, 6M)
Batting: LHB Ray Merrill 0-0: Ball
1-0: Ball
2-0: Ball
3-0: Called Strike
3-1: Base on Balls
Batting: LHB Tom Smith 0-0: Called Strike
Ray Merrill steals 2nd base
0-1: Foul Ball, location: 2F
0-2: Foul Ball, location: 2F
0-2: Ball
1-2: Ball
2-2: Ground out 4-3 (Groundball, 4)
Top of the 5th over - 0 run(s), 0 hit(s), 0 error(s), 1 left on base; Lone Star 2 - Northern Virginia 4
BOTTOM OF THE 5TH
Northern Virginia Retrievers batting - Pitching for Lone Star BC : RHP Jesús Reyes
Batting: LHB Ye Der 0-0: Foul Ball, location: 2F
0-1: Ball
1-1: Swinging Strike
1-2: Foul Ball, location: 2F
1-2: Ball
2-2: Fly out, F7 (Flyball, 7S)
Batting: RHB Dan Yarbrough 0-0: Ball
1-0: Ground out 5-3 (Groundball, 56S)
Batting: RHB Manuel Romo 0-0: Ball
1-0: Foul Ball, location: 2F
1-1: Swinging Strike
1-2: SINGLE (Flyball, 89S)
Batting: LHB Roger Shaffer 0-0: Ball
1-0: Ball
2-0: Swinging Strike
2-1: Foul Ball, location: 2F
2-2: Strikes out looking
Bottom of the 5th over - 0 run(s), 1 hit(s), 0 error(s), 1 left on base; Lone Star 2 - Northern Virginia 4
TOP OF THE 6TH
Lone Star BC batting - Pitching for Northern Virginia Retrievers : RHP Henry Hall
Batting: LHB Michael Neely 0-0: Ball
1-0: Ball
2-0: Ground out 4-3 (Groundball, 34S)
Batting: RHB Toshitsugu Sakamoto 0-0: Ball
1-0: Ball
2-0: Ball
3-0: Called Strike
3-1: Base on Balls
Batting: SHB David Henderson 0-0: Called Strike
0-1: Foul Ball, location: 2F
0-2: Ball
Pickoff Throw to First - Error! E1
Toshitsugu Sakamoto to second
1-2: Foul Ball, location: 2F
1-2: Ball
2-2: Foul Ball, location: 2F
2-2: Ball
3-2: Strikes out swinging
Batting: SHB Joel Palmer 0-0: Ball
1-0: Foul Ball, location: 2F
1-1: DOUBLE (Groundball, 5D)
Toshitsugu Sakamoto scores
Pitching: RHP Jud White
Batting: RHB Thomas Dunlap 0-0: Foul Ball, location: 2F
0-1: Fly out, F9 (Flyball, 9S)
Top of the 6th over - 1 run(s), 1 hit(s), 1 error(s), 1 left on base; Lone Star 3 - Northern Virginia 4
BOTTOM OF THE 6TH
Northern Virginia Retrievers batting - Pitching for Lone Star BC : RHP Jesús Reyes
Batting: RHB Don Brown 0-0: Ball
1-0: Ball
2-0: Called Strike
2-1: Ball
3-1: Foul Ball, location: 2F
3-2: Foul Ball, location: 2F
3-2: Ground out 6-3 (Groundball, 6)
Batting: LHB Jesús Pérez 0-0: Ground out 5-3 (Groundball, 56S)
Batting: RHB Donald Stanley 0-0: Foul Ball, location: 2F
0-1: TRIPLE (Line Drive, 8LXD)
Batting: RHB Casey Washington 0-0: Ball
1-0: Called Strike
1-1: Called Strike
1-2: Fly out, F7 (Flyball, 7M)
Bottom of the 6th over - 0 run(s), 1 hit(s), 0 error(s), 1 left on base; Lone Star 3 - Northern Virginia 4
TOP OF THE 7TH
Lone Star BC batting - Pitching for Northern Virginia Retrievers : RHP Jud White
Batting: RHB Ricardo Nieto 0-0: Ball
1-0: Swinging Strike
1-1: Ball
2-1: Foul Ball, location: 2F
2-2: Foul Ball, location: 2F
2-2: DOUBLE (Line Drive, 5D)
Batting: SHB Jesús Reyes 0-0: Sac Bunt - play at third, runner OUT! 5-6
Batting: LHB Ray Merrill 0-0: Ball
1-0: Grounds into double play, 4-6-3 (Groundball, 4)
Top of the 7th over - 0 run(s), 1 hit(s), 0 error(s), 0 left on base; Lone Star 3 - Northern Virginia 4
BOTTOM OF THE 7TH
Northern Virginia Retrievers batting - Pitching for Lone Star BC : RHP Jesús Reyes
Pinch Hitting: LHB Vincent Peterson 0-0: Called Strike
0-1: Ball
1-1: Called Strike
1-2: Strikes out swinging
Batting: LHB Ye Der 0-0: Ball
1-0: Called Strike
1-1: Foul Ball, location: 2F
1-2: Fly out, F8 (Flyball, 8LM)
Batting: RHB Dan Yarbrough 0-0: Called Strike
0-1: Called Strike
0-2: Ball
1-2: Ground out 6-3 (Groundball, 6)
Bottom of the 7th over - 0 run(s), 0 hit(s), 0 error(s), 0 left on base; Lone Star 3 - Northern Virginia 4
TOP OF THE 8TH
Lone Star BC batting - Pitching for Northern Virginia Retrievers : RHP Jud White
Pitching: LHP Will Savage
Batting: LHB Tom Smith 0-0: Ball
1-0: Fly out, F7 (Line Drive, 5D)
Batting: LHB Michael Neely 0-0: Ball
1-0: Called Strike
1-1: Fly out, F4 (Line Drive, 34)
Pitching: RHP David Phillips
Batting: RHB Toshitsugu Sakamoto 0-0: Called Strike
0-1: Ground out 6-3 (Groundball, 6)
Top of the 8th over - 0 run(s), 0 hit(s), 0 error(s), 0 left on base; Lone Star 3 - Northern Virginia 4
BOTTOM OF THE 8TH
Northern Virginia Retrievers batting - Pitching for Lone Star BC : RHP Jesús Reyes
Batting: RHB Manuel Romo 0-0: Foul Ball, location: 2F
0-1: Foul Ball, location: 2F
0-2: Ball
1-2: DOUBLE (Flyball, 78D)
Batting: LHB Roger Shaffer 0-0: Foul Ball, location: 2F
0-1: Swinging Strike
0-2: Ball
1-2: SINGLE (Line Drive, 8LS)
Manuel Romo to third
Batting: RHB Don Brown 0-0: Ball
1-0: Foul Ball, location: 2F
1-1: Foul Ball, location: 2F
1-2: Hit by Pitch
Roger Shaffer to second
Pitching: RHP José Galindo
Batting: LHB Jesús Pérez 0-0: Foul Ball, location: 2F
0-1: SINGLE (Groundball, 34)
Manuel Romo scores
Roger Shaffer to third
Don Brown to second
Batting: RHB Donald Stanley 0-0: Ball
1-0: Ball
2-0: Foul Ball, location: 2F
2-1: Grounds into fielders choice 4-2 (Groundball, 34)
Don Brown to third
Jesús Pérez to second
Batting: RHB Casey Washington 0-0: SINGLE (Line Drive, 7LS)
Don Brown scores
Jesús Pérez to third
Donald Stanley to second
Runner from 3rd tries for Home, SAFE, no throw or cutoff
Pinch Hitting: RHB Mario Romero 0-0: Fly out, F8 (Flyball, 8RM)
Batting: LHB Ye Der 0-0: Ball
1-0: Ball
2-0: Foul Ball, location: 2F
2-1: Ball
3-1: Base on Balls
Donald Stanley to third
Casey Washington to second
Batting: RHB Dan Yarbrough 0-0: Called Strike
0-1: Foul Ball, location: 2F
0-2: Ball
1-2: Ball
2-2: Strikes out looking
Bottom of the 8th over - 3 run(s), 4 hit(s), 0 error(s), 3 left on base; Lone Star 3 - Northern Virginia 7
TOP OF THE 9TH
Lone Star BC batting - Pitching for Northern Virginia Retrievers : RHP David Phillips
Pitching: RHP Joseph Reed
Batting: SHB David Henderson 0-0: Called Strike
0-1: Ball
1-1: Ball
2-1: Ball
3-1: Foul Ball, location: 2F
3-2: Fly out, F8 (Flyball, 8RM)
Batting: SHB Joel Palmer 0-0: Ground out 4-3 (Groundball, 4M)
Batting: RHB Thomas Dunlap 0-0: Ball
1-0: Ball
2-0: Ball
3-0: Base on Balls
Batting: RHB Ricardo Nieto 0-0: Called Strike
0-1: Ball
1-1: Ball
2-1: Ground out 1-3 (Groundball, 15)
Top of the 9th over - 0 run(s), 0 hit(s), 0 error(s), 1 left on base; Lone Star 3 - Northern Virginia 7
This league is powered by Out of the Park Baseball, the baseball management simulation game for PC, Mac and Linux
Saturday, February 27th, 2021 - OOTP Baseball 15.6 Build 34